Map: Orbital Shipyard

Players

Javert

  • Race: Zerg Zerg
  • League: Gold

Jin - Winner!

  • Race: Protoss Protoss
  • League: Gold

VOD

Have the link to the VOD?

Description

Time

  • Played on: Sept. 14, 2015, 8:26 p.m.
  • Length: 3:15
Show
View Real Time Build Order
Export as new Build Order

Javert Zerg 

Build Orders: Hatch First 

Get SALT Encoding   

  12  0:01  Drone  
  13  0:15  Overlord  
  13  0:21  Drone  
  14  0:33  Drone  
  14  0:34  Drone  
  16  0:37  Drone  
  17  1:00  Hatchery, Drone  
  17  1:01  Drone  
  18  1:16  Extractor  
  18  1:17  Drone  
  18  1:26  Drone  
  18  1:30  Spawning Pool  
  18  1:33  Drone  
  18  1:47  Drone  
  18  1:54  Overlord  
  19  2:17  Queen x2  
  23  2:23  Roach Warren  
  23  2:27  Zergling x8  
  26  2:40  Spore Crawler  
  26  2:42  Spine Crawler  
  25  2:46  Spine Crawler  
  24  2:57  Drone  
  24  2:58  Drone x5  
  31  3:11  Spine Crawler  
Show
View Real Time Build Order
Export as new Build Order

Jin Protoss - Winner!

Build Orders:  

Get SALT Encoding   

  12  0:00  Probe (Chrono Boost)  
  13  0:10  Probe (Chrono Boost)  
  14  0:19  Pylon  
  14  0:21  Probe (Chrono Boost)  
  15  0:37  Probe (Chrono Boost)  
  15  0:38  Gateway  
  16  0:47  Probe (Chrono Boost)  
  16  0:49  Assimilator  
  17  0:53  Assimilator  
  17  0:57  Probe (Chrono Boost)  
  18  1:07  Probe (Chrono Boost)  
  19  1:16  Gateway  
  19  1:17  Probe (Chrono Boost)  
  20  1:25  Cybernetics Core  
  20  1:27  Probe (Chrono Boost)  
  21  1:32  Pylon  
  21  1:39  Probe (Chrono Boost)  
  22  1:49  Probe (Chrono Boost)  
  23  2:02  Mothership Core (Chrono Boost)  
  23  2:03  Adept x2  
  29  2:18  Pylon  
  29  2:19  Probe (Chrono Boost)  
  30  2:23  Pylon  
  30  2:30  Pylon  
  30  2:33  Pylon  
  30  2:41  Adept  
  32  2:46  Adept  
  33  3:01  Pylon  
Tags
 
Add a new tag
Caveats
  • Supply blocks, unpowered buildings, or Contaminate may cause inaccurate times.
  • Supply counts are checked every 10 seconds.